badnik, neutral female scurrid Ranger }}}}}}}}}}}}}}}}}}}}}}}}}}}}}}}}}}}}}}}}}}}}}}}}}}}}}}}}}}}}}}}}}}}}}}}}}}}} }}}}}}}}}}.B}}}}}}}}}}}}}}}}}}}}}}}}}}}}}}}}}}B.}}}}}}}}}}}}}}}}}}}}}}}}}}}} #.}}}}}}}}}}}}}}}}}}}}@.}}}}}}}}.}}}...}}}}}}}.}}}}}......}}}}}}} #.}}}}}}}}}}}..}}}}B.# }}}}}}...# # # ....}}}}}}}}} #..}}}}} }}}}..`..# #.}}} .B....}}}} }}.}}}.}B. }}. +.}`}#.}}}}. }}B.# }}}}}}}} ..}}} }}}}}}}} }}.. }}}}}}}... ..B}}} }}}}}}}}} }}}}} }}}.# }..}}} }}}.`}}}}}} }}}}}} .}} #}}}}}} }}....}}}}}} # }...}}} ..}}}}} }}}}.#...}}}}}} # ...}}}} }}}.B.. }}}}. }}.}}}}}} # .}}}}} }}}}}}..# }}}}}} }}}}}}}..}} # }}}.... }}}}}}}.# ..}}}} }}}}}..#.}} }}`}}}}} }...}..} #%}}}}} .}}}}}}} ...} }}}}B..# ..}}}.... }}}}}} ..}}}}}} }}}} ....# }}}*.}}}.# B}}}}} #..}}}}} }}}} ... }}}}}}}}} }}}}}}} .}}}}}} }}n} }}} }}}}}}}} }}}}}}} }}}}}}}}} }}}}} }}}} badnik the Tenderfoot Experience level: 1 Strength: 15 Dexterity: 10 Constitution: 13 Intelligence: 13 Wisdom: 16 Charisma: 8 Health: 0(14) Energy: 2(2) Def: 3 Gold: 353 Moves: 131 Dungeon seed: sJlHP5CFFZMUEDkU Game ID: badnik_1498610822 Your Inventory: Coins $ - 353 gold pieces Weapons b - 28 uncursed +2 darts c - 16 blessed +0 darts Armor e - an uncursed +2 cloak of displacement (being worn) Comestibles d - 6 uncursed chestnuts Wands f - an uncursed wand of slow monster (0:3) g - an uncursed wand of nothing (0:4) Spells and supernatural/magical abilities: Name Level Category Fail Memory W - pray for help -- divine ? -- Your skills at the end: Miscellaneous Skills wands [Basic] Weapon Skills dart [Basic] Spellcasting Skills Final Attributes: You were devoutly aligned. You had automatic searching. You had infravision. You were displaced. You were very stealthy. You are dead. Voluntary challenges: You went without food. You did not adorn yourself with jewelry or accessories. You did not cause conflict. You were not invisible. You did not have reflection. You were an atheist. You never hit with a wielded weapon. You were a pacifist. You did not use tools. You did not use plumbed fixtures. You did not drink any magical draughts. You were illiterate. You never genocided any monsters. You never polymorphed an object. You never changed form. You used no wishes. You never split a pudding. You never wrote Elbereth's name. You never violated your personal moral code. Dungeon overview: The Dungeons of Doom: levels 1 to 23 Level 1 a long staircase Level 2 Level 3 Level 4 a fountain Level 5 Level 6 Level 7 Level 8 Level 9 Level 10 a long staircase Level 11 Level 12 Level 13 Level 14 Level 15 Level 16 Level 17 Level 18 Level 19 Level 20 Level 21 Level 22 Level 23 <- You were here many trees History has recorded: On T:1 you entered the Dungeons of Doom to retrieve the Amulet of Yendor! On T:4 you reached level 2 of The Dungeons of Doom. On T:10 you reached level 3 of The Dungeons of Doom. On T:14 you reached level 4 of The Dungeons of Doom. On T:27 you reached level 5 of The Dungeons of Doom. On T:33 you reached level 6 of The Dungeons of Doom. On T:37 you reached level 7 of The Dungeons of Doom. On T:41 you reached level 8 of The Dungeons of Doom. On T:53 you reached level 9 of The Dungeons of Doom. On T:58 you reached level 10 of The Dungeons of Doom. On T:64 you reached level 11 of The Dungeons of Doom. On T:67 you reached level 12 of The Dungeons of Doom. On T:71 you reached level 13 of The Dungeons of Doom. On T:75 you reached level 14 of The Dungeons of Doom. On T:85 you reached level 15 of The Dungeons of Doom. On T:90 you reached level 16 of The Dungeons of Doom. On T:94 you reached level 17 of The Dungeons of Doom. On T:94 you entered the Rogue tribute level. On T:100 you reached level 18 of The Dungeons of Doom. On T:104 you reached level 19 of The Dungeons of Doom. On T:109 you reached level 20 of The Dungeons of Doom. On T:115 you reached level 21 of The Dungeons of Doom. On T:127 you reached level 22 of The Dungeons of Doom. On T:131 you reached level 23 of The Dungeons of Doom. Score breakdown: Gold: 353 ( 35 points) Experience: 1 level ( 0 points) Exploration: 23 levels ( 660 points) Discoveries: 1 item ( 50 points) Variety of kills: 0 monsters ( 0 points) Major goal: (nothing yet) ( 0 points) Survival: died (score multiplied by 3) Total score: 2235 Latest messages: You attack thin air. You attack thin air. You attack thin air. You attack thin air. You attack thin air. You are still in a pit. You continue digging downward. You dig a hole through the floor. You fall through... You start digging downward. $ - 106 gold pieces. You start digging downward. You continue digging downward. You dig a pit in the floor. You continue digging downward. You dig a hole through the floor. You fall through... The raven pecks! You die... Final status: Goodbye badnik the Ranger, killed by a raven... You died in The Dungeons of Doom on dungeon level 23 with 2235 points, and 353 pieces of gold, after 131 moves. You were level 1 with a maximum of 14 hit points when you died.